 Dungeon Crawl Stone Soup version 0.27.0-1-g7a089689b8 (webtiles) character file.

Game seed: 463846925362979028

37 Spectrina the Ducker (level 3, -1/22 HPs)
             Began as a Deep Elf Monk on Aug 10, 2021.
             Killed by nerve-wracking pain
             ... invoked by an orc priest
              (11 damage)
             ... on level 4 of the Dungeon.
             The game lasted 00:03:02 (376 turns).

Spectrina the Ducker (Deep Elf Monk)                 Turns: 376, Time: 00:03:03

Health: -1/22      AC:  2    Str:  8    XL:     3   Next: 23%
Magic:  7/7        EV: 13    Int: 15    God:
Gold:   23         SH:  4    Dex: 17    Spells: 5/5 levels left

rFire    . . .     SeeInvis .   a - +0 short sword
rCold    . . .     Faith    .   c - +0 buckler
rNeg     . . .     Spirit   .   b - +0 robe
rPois    .         Reflect  .   (no helmet)
rElec    .         Harm     .   (no cloak)
rCorr    +         Rampage  .   (no gloves)
Will     .....                  (no boots)
Stlth    ++........             (no amulet)
HPRegen  0.07/turn              h - ring of resist corrosion
MPRegen  0.10/turn              (no ring)

@: no status effects
A: no striking features
a: no special abilities


You were on level 4 of the Dungeon.
You visited 1 branch of the dungeon, and saw 6 of its levels.

You collected 23 gold pieces.

Inventory:

Hand Weapons
 a - a +0 short sword (weapon)
 f - a +0 hunting sling
 g - a +0 quarterstaff
Missiles
 e - 15 stones (quivered)
Armour
 b - a +0 robe (worn)
 c - a +0 buckler (worn)
Jewellery
 h - a ring of resist corrosion (left hand)
Scrolls
 i - a scroll of identify {unknown}
Potions
 d - a potion of curing


   Skills:
 - Level 2.4 Fighting
 - Level 3.0 Short Blades
 - Level 3.6 Dodging
 + Level 3.1 Stealth
 + Level 1.7 Spellcasting
 * Level 2.1 Invocations


You had 5 spell levels left.
You didn't know any spells.
Your spell library was empty.

Dungeon Overview and Level Annotations

Branches:
Dungeon (6/15)
 Temple: D:4-7

Altars:


Message History

Found an escape hatch in the floor.
Found an escape hatch in the ceiling.
An ice beast comes into view.
There is an escape hatch in the ceiling here.
An ice beast is nearby!
Found 12 stones.
Unknown command.
A water moccasin zombie comes into view.
Unknown command.
There is an escape hatch in the ceiling here.
A mysterious force pulls you upwards. The hatch slams shut behind you.
Unknown command.
Okay, then.
Okay, then.
The orc priest hits you with a +0 dagger.
Unknown command.
Okay, then.
You completely miss the orc priest.
You hit the orc priest but do no damage.
The orc priest hits you with a +0 dagger. x2
You hit the orc priest.
The orc priest is moderately wounded.
You block the orc priest's attack.
You completely miss the orc priest.
The orc priest is moderately wounded.
The orc priest hits you with a +0 dagger.
Okay, then.
Unknown command.
You hit the orc priest.
The orc priest is heavily wounded.
You block the orc priest's attack.
You hit the orc priest.
The orc priest is heavily wounded.
The orc priest hits you with a +0 dagger.
You hit the orc priest.
The orc priest is severely wounded.
The orc priest calls down the wrath of Beogh upon you.
Pain shoots through your body!
Ouch! That really hurt!
You die...

#o#.#.# .#.#)# #.#.#.#
#.#.#.# #.#.# #.#.#.##
#.#.#.# #.#.#.#.#.#.#
.#.#.#.#.#.#.#.#.#.##
.#.#.#>#.#.#<#[#.#.#
#.#.#.#.#.#.#.#.#.###
#.##.####.##.........
#..o.................
#..#@.....##......... ######
#.o#####.....####.... ......
#..#####.###.# .... ......#
#........#...# ...
.......#####.#######.######.
..
...........o..#.............
..
###....####.##.##.#.#######
#....###### #..#.##...#
#.......o.# #.##....#


You could see an orc priest.

Vanquished Creatures
  A hound (D:5)
  A ball python (D:4)
  A giant cockroach (D:3)
  A hobgoblin (D:2)
  4 jackals (D:2)
8 creatures vanquished.

Notes
Turn   | Place    | Note
-------+----------+-------------------------------------------
     0 | D:1      | Spectrina the Deep Elf Monk began the quest for the Orb.
     0 | D:1      | Reached XP level 1. HP: 13/13 MP: 3/3
   104 | D:2      | Reached skill level 1 in Invocations
   145 | D:3      | Reached skill level 1 in Spellcasting
   145 | D:3      | Reached XP level 2. HP: 8/18 MP: 5/5
   154 | D:4      | Noticed a lemure
   188 | D:5      | Entered Level 5 of the Dungeon
   188 | D:5      | Noticed an ogre
   294 | D:5      | Reached XP level 3. HP: 16/22 MP: 5/7
   307 | D:5      | Noticed a water moccasin
   310 | D:5      | Noticed a scorpion
   362 | D:5      | Noticed an ice beast
   376 | D:4      | Killed from afar by an orc priest

Illustrated notes

Levels and vault maps discovered:
D:1:      onia_arrival_handbag, layout_loops_ring, minmay_quantized
D:2:      layout_loops_cross, uniq_jessica
D:3:      layout_loops_corners, dreamdust_ecumenical_altar_drowned_temple
D:4:      layout_basic, nzn_overflow_gifts_of_might_and_magic,
          chequers_temple_overflow_statue_of_worship, uniq_eustachio,
          uniq_blork_the_orc, uniq_pikel
D:5:      layout_rooms
D:6:      layout_cave_pods, uniq_sigmund, uniq_duvessa, uniq_maggie

Skill      XL: |  1  2 |
---------------+-------+-----
Invocations    | 1 2 |  2.1
Spellcasting   | 1 |  1.7
Stealth        | 3 |  3.1
Fighting       | |  2.4
Short Blades   | |  3.0
Dodging        | |  3.6

Action                   || total
-------------------------++-------
Melee: Short sword       ||    37
 Fire: Hunting sling     ||     8
  Use: Potion            ||     2
 Stab: Sleeping          ||     2
Armor: Robe              ||     4
Dodge: Dodged            ||    24
Block: Buckler           ||    11
